 Dungeon Crawl Stone Soup version 0.24.0-125-gc4c63601f3 (webtiles) character file.

Game seed: 3913795526839503846, levelgen mode: deterministic

37328 Doot the Carver (level 13, -5/103 HPs)
             Began as a Demonspawn Abyssal Knight on Mar 13, 2020.
             Was the Champion of Lugonu.
             Killed by the air
             ... invoked by Gastronok
              (38 damage)
             ... on level 2 of the Lair of Beasts.
             The game lasted 00:47:06 (21561 turns).

Doot the Carver (Demonspawn Abyssal Knight)        Turns: 21561, Time: 00:47:07

Health: -5/103     AC: 12    Str: 15    XL:     13   Next: 57%
Magic:  25/25      EV: 14    Int: 20    God:    Lugonu [******]
Gold:   792        SH:  7    Dex: 14    Spells: 7/12 levels left

rFire    + . .     SeeInvis .   b - +8 arc blade {discharge, rElec}
rCold    + + .     Gourm    .   Q - +2 buckler
rNeg     . . .     Faith    .   J - +3 ring mail of Joy {rC++ Int+5 Slay+3}
rPois    .         Spirit   .   (helmet unavailable)
rElec    +         Reflect  .   H - +1 cloak of the Devil's Advocate {MP+9}
rCorr    .         Harm     .   (no gloves)
MR       .....                  (no boots)
Stlth    +++.......             C - amulet of rage
HPRegen  0.27/turn              y - ring of protection from fire
MPRegen  0.19/turn              U - ring of stealth

@: no status effects
A: claws 2, horns 3, talons 1, demonic guardian 1, spiny 1
a: Depart the Abyss, Bend Space, Banish, Corrupt, Enter the Abyss, Brand Weapon
With Distortion, Renounce Religion, Evoke Berserk Rage


You were on level 2 of the Lair of Beasts.
You worshipped Lugonu.
Lugonu was exalted by your worship.
You were hungry.

You visited 4 branches of the dungeon, and saw 19 of its levels.
You visited the Abyss 1 time.
You also visited: Ice Cave.

You collected 1914 gold pieces.
You spent 1122 gold pieces at shops.

Inventory:

Hand Weapons
 a - a +4 scimitar of flaming
 b - the +8 arc blade (weapon) {discharge, rElec}
   (You found it on level 12 of the Dungeon)

   It insulates you from electricity.
 g - a +0 scimitar of protection
Missiles
 L - 2 throwing nets (quivered)
Armour
 H - the +1 cloak of the Devil's Advocate (worn) {MP+9}
   (You bought it in a shop on level 6 of the Dungeon)

   It affects your magic capacity (+9).
 J - the +3 ring mail of Joy (worn) {rC++ Int+5 Slay+3}
   (You found it on level 6 of the Dungeon)

   It affects your intelligence (+5).
   It affects your accuracy and damage with ranged weapons and melee attacks
   (+3).
   It greatly protects you from cold.
 Q - a +2 buckler (worn)
Magical Staves
 W - an uncursed staff of power
 X - an uncursed staff of conjuration
 Y - an uncursed staff of energy
Jewellery
 y - a ring of protection from fire (left claw)
 A - a +4 ring of intelligence
 B - an uncursed ring of magical power
 C - an amulet of rage (around neck)
 N - an uncursed ring of flight
 S - an uncursed ring of wizardry
 U - a ring of stealth (right claw)
 V - a +3 ring of intelligence
Wands
 o - a wand of clouds (5)
 s - a wand of digging (12)
 u - a wand of acid (14)
 x - a wand of flame (22)
 G - a wand of disintegration (36)
 M - a wand of polymorph (11)
Scrolls
 d - 6 scrolls of magic mapping {unknown}
 e - a scroll of torment {unknown}
 h - 4 scrolls of amnesia {unknown}
 i - 5 scrolls of enchant weapon
 j - 5 scrolls of fear
 k - a scroll of vulnerability {unknown}
 m - 9 scrolls of teleportation
 q - 5 scrolls of immolation
 r - 7 scrolls of remove curse
 t - 2 scrolls of blinking {unknown}
 v - 4 scrolls of enchant armour {unknown}
 P - a scroll of summoning {unknown}
Potions
 f - 2 potions of might
 l - 6 potions of agility
 n - a potion of mutation {unknown}
 p - 4 potions of cancellation
 w - 2 potions of haste
 z - 2 potions of flight
 D - 2 potions of magic
 E - 5 potions of curing
 F - a potion of ambrosia
 I - 6 potions of lignification
 R - a potion of heal wounds {unknown}
Miscellaneous
 O - a phantom mirror
 T - a lightning rod (4/4)
 Z - a crystal ball of energy
Comestibles
 c - 30 rations


   Skills:
 + Level 9.9 Fighting
 + Level 3.0(9.2) Short Blades
 + Level 13.1(13.2) Long Blades
 + Level 0.2 Throwing
 + Level 8.4 Armour
 + Level 6.9 Dodging
 + Level 5.2 Stealth
 + Level 4.1 Shields
 * Level 7.3 Conjurations
 + Level 4.8 Invocations
 + Level 1.8 Evocations


You had 7 spell levels left.
You knew the following spells:

 Your Spells              Type           Power        Failure   Level  Hunger
a - Venom Bolt            Conj/Pois      ##........   90%         5    ######.

Your spell library contained the following spells:

 Spells                   Type           Power        Failure   Level  Hunger
 Magic Dart               Conj           ####         1%          1    ##.....
 Searing Ray              Conj           ####..       2%          2    ###....
 Flame Tongue             Conj/Fire      ##...        8%          1    ##.....
 Throw Flame              Conj/Fire      ##....       11%         2    ###....
 Throw Frost              Conj/Ice       ##....       11%         2    ###....
 Stone Arrow              Conj/Erth      ##....       22%         3    ####...
 Freeze                   Ice            #...         32%         1    ##.....
 Sandblast                Erth           #.....       32%         1    ##.....
 Passwall                 Tmut/Erth      #.......     45%         2    ###....
 Force Lance              Conj/Tloc      ##......     58%         4    #####..
 Fulminant Prism          Conj/Hex       ##........   58%         4    #####..
 Throw Icicle             Conj/Ice       ##......     58%         4    #####..
 Gell's Gravitas          Tloc           #.........   69%         3    ####...
 Ozocubu's Armour         Chrm/Ice       #.......     69%         3    ####...
 Recall                   Summ/Tloc      N/A          69%         3    ####...
 Iskenderun's Battlesphe  Conj/Chrm      ##......     90%         5    ######.
 Ice Form                 Ice/Tmut       #.......     97%         4    #####..
 Leda's Liquefaction      Hex/Erth       #.........   97%         4    #####..
 Olgreb's Toxic Radiance  Pois           #.......     97%         4    #####..
 Petrify                  Tmut/Erth      #.......     97%         4    #####..
 Summon Ice Beast         Ice/Summ       #.......     97%         4    #####..
 Bolt of Magma            Conj/Fire/Erth #.........   98%         5    ######.
 Alistair's Intoxication  Tmut/Pois      #.......     100%        5    ######.
 Lee's Rapid Deconstruct  Erth           #.........   100%        5    ######.
 Metabolic Englaciation   Hex/Ice        #.........   100%        5    ######.
 Bolt of Cold             Conj/Ice       ##........   100%        6    #######
 Dispersal                Tloc           #.........   100%        6    #######
 Freezing Cloud           Conj/Ice/Air   #.........   100%        6    #######
 Iron Shot                Conj/Erth      ##........   100%        6    #######
 Ozocubu's Refrigeration  Ice            #.........   100%        6    #######
 Simulacrum               Ice/Necr       #.........   100%        6    #######
 Statue Form              Tmut/Erth      #........    100%        6    #######
 Orb of Destruction       Conj           ####......   100%        7    #######
 Spellforged Servitor     Conj/Summ      ##........   100%        7    #######
 Shatter                  Erth           #.........   100%        9    #######


Dungeon Overview and Level Annotations

Branches:
Dungeon (14/15)            Temple (1/1) D:5            Lair (2/6) D:11
    Orc (2/2) D:9             Elf (0/3) Orc:2         IceCv (visited)
  Swamp: Lair:2-4    Shoals: Lair:2-4     Snake: Lair:2-4    Spider: Lair:2-4
 Vaults: D:13-14

Altars:
Ashenzari
Cheibriados
Dithmenos
Fedhas
Kikubaaqudgha
Okawaru
Qazlal
Vehumet
Xom
The Shining One
Beogh

Shops:
D:4 :   D:6 [   D:9 [(   Orc:1 !

Annotations:
Lair:2 Gastronok


Innate Abilities, Weirdness & Mutations

You have very sharp fingernails.
You have a pair of large horns on your head.
You have sharp toenails.
A weak demonic guardian rushes to your aid.
You are partially covered in sharp spines.


Message History

The sentinel's mark upon you fades away.
Your iron imp completely misses the blink frog.
Gastronok chants a spell, wobbling all the while.
Gastronok puts on a burst of speed!
The blink frog barely misses your iron imp.
Your iron imp closely misses the blink frog.
The soldier ant stings your iron imp.
The blink frog blinks!
The crocodile is struck by your spines.
The crocodile bites you but does no damage.
Gastronok waves his eye-stalks in wide circles.
The air twists around and strikes you!!
The porcupine bites you but does no damage.
The worker ant barely misses your iron imp.
The worker ant barely misses your iron imp.
The worker ant bites your iron imp.
Your iron imp dies!
A worker ant comes into view.
Gastronok waves his eye-stalks in wide circles.
The air twists around and strikes you!!!
You die...

#......>.......###....###
#..........##.##P.......#
P...........####...†.....
.....#...#####.#†....8..
.#.#...###P#P.a........
##...####..a...##)#.F.
#.##....#.#...Faa###.#...
#.!....#..F..F..........
........@r.t..F..........
.....PP...t..........8.F8
##.......................
#.......................
##..##........w.#######.
#.. ###..[......# t. #..
####...#..# ... #
#.###.... .8.. ###
##........


You could see Gastronok, a spiny frog, 2 blink frogs, a soldier ant, 2
crocodiles, a bullfrog, a porcupine and a worker ant.

Vanquished Creatures
  Harold (D:7)
  Erica (D:11)
  A death yak (IceCv)
  2 two-headed ogres
  A tengu warrior (D:13)
  An unseen horror (D:11)
  A wizard (D:10)
  An orange crystal statue (D:13)
  A deep elf mage (D:10)
  2 phantasmal warriors (D:13)
  2 orc sorcerers
  Joseph (D:10)
  2 cyclopes
  An ice statue (IceCv)
  Psyche (D:8)
  3 centaur zombies
  A spiny frog (Lair:1)
  2 ice devils (D:12)
  A freezing wraith (D:10)
  A komodo dragon (Lair:1)
  A kobold demonologist (D:13)
  3 trolls (Orc:1)
  21 polar bears (IceCv)
  A blink frog (Lair:2)
  6 hippogriffs
  18 slime creatures
  A vampire (D:13)
  3 wraiths
  2 wyverns (D:12)
  A basilisk (D:13)
  22 yaks
  3 vampire mosquitoes (D:12)
  A hungry ghost (D:13)
  2 soldier ants
  3 water moccasins
  2 porcupines (Lair:1)
  18 orc warriors
  3 sky beasts
  An ice beast (D:9)
  12 ogres
  2 phantoms
  A boggart (D:10)
  16 centaurs
  19 wolves (IceCv)
  4 crocodiles
  4 bullfrogs
  2 big kobolds
  A water moccasin skeleton (D:10)
  2 scorpions
  6 wights
  2 killer bees (D:12)
  2 crimson imps (D:11)
  5 bullfrog zombies
  3 jellies
  21 orc priests
  4 bullfrog skeletons
  6 hounds
  12 orc wizards
  2 centaur skeletons
  5 worker ants
  4 iguanas
  A hound zombie (D:7)
  A hound skeleton (D:11)
  2 worker ant zombies
  A howler monkey skeleton (D:9)
  9 adders
  4 gnolls (D:2)
  A shadow imp (D:12)
  An ooze (D:1)
  An adder skeleton (D:8)
  5 dart slugs
  3 leopard geckos
  66 orcs
  2 giant cockroaches
  8 goblins
  7 hobgoblins
  11 jackals
  6 quokkas
  A ball python (D:3)
  8 bats
  4 frilled lizards
  13 kobolds
  2 leopard gecko skeletons
  5 rats
  A bush (D:1)
437 creatures vanquished.

Vanquished Creatures (collateral kills)
  A polar bear (IceCv)
  A slime creature (D:11)
  A hungry ghost (D:13)
  3 yaks
  A warg (Orc:2)
  A porcupine (Lair:2)
  An ice beast (D:5)
  3 orc warriors (Orc:2)
  A wolf (IceCv)
  3 ogres
  A killer bee (D:12)
  A bullfrog skeleton (D:13)
  An orc priest (D:7)
  3 orc wizards (Orc:2)
  An iguana (D:5)
  An adder (D:4)
  A leopard gecko (D:3)
  6 orcs
  2 kobolds (D:3)
33 creatures vanquished.

Vanquished Creatures (others)
  A frost giant (IceCv)
  A two-headed ogre (D:14)
2 creatures vanquished.

Grand Total: 472 creatures vanquished

Notes
Turn   | Place    | Note
-------+----------+-------------------------------------------
     0 | Abyss:1  | Doot the Demonspawn Abyssal Knight began the quest for the
                  | Orb.
     0 | Abyss:1  | Reached XP level 1. HP: 18/18 MP: 2/2
    46 | D:1      | Escaped the Abyss
   280 | D:1      | Gained mutation: You have a pair of small horns on your
                  | head. [demonic ancestry]
   280 | D:1      | Reached XP level 2. HP: 20/24 MP: 3/3
   315 | D:1      | Reached skill level 2 in Long Blades
   763 | D:1      | Gained mutation: You are partially covered in sharp spines.
                  | [demonic ancestry]
   763 | D:1      | Reached XP level 3. HP: 30/30 MP: 4/4
  1277 | D:2      | Reached ** piety under Lugonu
  1277 | D:2      | Reached skill level 1 in Dodging
  1493 | D:2      | Gained mutation: You have sharp fingernails. [demonic
                  | ancestry]
  1493 | D:2      | Reached XP level 4. HP: 34/37 MP: 6/6
  1604 | D:2      | Reached skill level 3 in Long Blades
  1983 | D:3      | Gained mutation: A weak demonic guardian rushes to your
                  | aid. [demonic ancestry]
  1983 | D:3      | Reached XP level 5. HP: 42/42 MP: 7/7
  2787 | D:4      | Noticed an ogre
  2793 | D:4      | Killed an ogre
  2793 | D:4      | Reached XP level 6. HP: 34/48 MP: 7/9
  2798 | D:4      | Found a radiant altar of Vehumet.
  3203 | D:4      | Reached skill level 4 in Long Blades
  3442 | D:4      | Found Bampisae's Book Shop.
  3479 | D:5      | Entered Level 5 of the Dungeon
  3485 | D:5      | Found a shadowy altar of Dithmenos.
  3486 | D:5      | Reached *** piety under Lugonu
  3530 | D:5      | Noticed an ice beast
  3543 | D:5      | Killed an ice beast
  3543 | D:5      | Reached XP level 7. HP: 10/54 MP: 10/10
  3818 | D:5      | Found a staircase to the Ecumenical Temple.
  3832 | D:5      | Reached skill level 1 in Stealth
  4490 | Temple   | Entered the Ecumenical Temple
  4785 | D:6      | Found Keaf's Antique Armour Emporium.
  4792 | D:6      | Bought a spiked cloak for 275 gold pieces
  4797 | D:6      | Identified the +1 cloak of the Devil's Advocate {MP+9} (You
                  | bought it in a shop on level 6 of the Dungeon)
  5214 | D:6      | Got a faintly humming ring mail
  5225 | D:6      | Identified the +3 ring mail of Joy {rC++ Int+5 Slay+3} (You
                  | found it on level 6 of the Dungeon)
  5530 | D:7      | Reached skill level 5 in Long Blades
  5854 | D:7      | Gained mutation: You have sharp toenails. [demonic
                  | ancestry]
  5854 | D:7      | Reached XP level 8. HP: 53/61 MP: 11/11
  5874 | D:7      | Noticed Harold
  5884 | D:7      | Killed Harold
  5884 | D:7      | Reached skill level 5 in Fighting
  5884 | D:7      | Reached skill level 6 in Long Blades
  5884 | D:7      | Reached skill level 5 in Armour
  5884 | D:7      | Reached skill level 1 in Evocations
  6271 | D:7      | Reached skill level 7 in Long Blades
  6271 | D:7      | Gained mutation: You have very sharp fingernails. [demonic
                  | ancestry]
  6271 | D:7      | Reached XP level 9. HP: 52/68 MP: 12/12
  6523 | D:8      | Noticed Psyche
  6530 | D:8      | Killed Psyche
  7298 | D:8      | Reached **** piety under Lugonu
  7567 | D:9      | Found Acaneib's Armour Shop.
  7569 | D:9      | Found a staircase to the Orcish Mines.
  7939 | D:9      | Found Ojoanougg's Weapon Shop.
  7961 | D:9      | Reached skill level 8 in Long Blades
  8440 | D:9      | Found a snail-covered altar of Cheibriados.
  8443 | D:9      | Found an ancient bone altar of Kikubaaqudgha.
  8453 | D:9      | Found a shattered altar of Ashenzari.
  8454 | D:9      | Found a shimmering altar of Xom.
  8802 | D:10     | Entered Level 10 of the Dungeon
  8807 | D:10     | Noticed Joseph
  8827 | D:10     | Killed Joseph
  8827 | D:10     | Gained mutation: You have a pair of horns on your head.
                  | [demonic ancestry]
  8827 | D:10     | Reached XP level 10. HP: 24/77 MP: 13/13
  9128 | Orc:1    | Entered Level 1 of the Orcish Mines
  9207 | D:9      | Reached skill level 9 in Long Blades
  9736 | D:6      | Bought a glowing buckler for 217 gold pieces
  9849 | Orc:2    | Entered Level 2 of the Orcish Mines
  9849 | Orc:2    | Found a roughly hewn altar of Beogh.
  9869 | Orc:2    | Noticed an orc sorcerer
  9871 | Orc:2    | Noticed a soul eater
 10098 | Orc:2    | Paralysed by an orc sorcerer for 7 turns
 10105 | Orc:2    | Noticed an orange demon
 10110 | Orc:1    | Noticed a smoke demon
 10114 | Orc:2    | Killed an orc sorcerer
 10576 | Orc:2    | Reached ***** piety under Lugonu
 10767 | Orc:1    | Found Qyecem's Distillery.
 10909 | Orc:2    | Reached skill level 10 in Long Blades
 11103 | Orc:2    | Found a staircase to the Elven Halls.
 11165 | Orc:2    | Reached skill level 1 in Shields
 11827 | Orc:2    | Found a roughly hewn altar of Beogh.
 12421 | D:4      | Bought a book of Power for 630 gold pieces
 12427 | D:4      | Learned a level 5 spell: Venom Bolt
 12784 | D:10     | Gained mutation: You have a pair of large horns on your
                  | head. [demonic ancestry]
 12784 | D:10     | Reached XP level 11. HP: 79/84 MP: 14/14
 12982 | D:10     | Found a blossoming altar of Fedhas.
 13095 | D:10     | Reached skill level 1 in Conjurations
 13118 | D:10     | Noticed a deep elf mage
 13181 | D:10     | Noticed a wizard
 13202 | D:10     | Reached skill level 5 in Dodging
 13214 | D:10     | Killed a deep elf mage
 13237 | D:10     | Killed a wizard
 13267 | D:10     | Identified the Handbook of the Nocuous Voyage
 13447 | D:10     | Got a fabulously ornate robe
 13681 | D:11     | Noticed a two-headed ogre
 13928 | D:11     | Killed an unseen horror
 13928 | D:11     | Reached skill level 11 in Long Blades
 14058 | D:11     | You fall into a shaft and drop 3 floors!
 14058 | D:14     | Noticed an orc sorcerer
 14058 | D:14     | Noticed a vault guard
 14059 | D:14     | Noticed an orc sorcerer
 14061 | D:14     | Killed an orc sorcerer
 14062 | D:14     | Noticed a deep elf archer
 14066 | D:14     | Noticed a two-headed ogre
 14075 | D:14     | Banished a two-headed ogre
 14171 | D:14     | Noticed an eight-headed hydra
 14335 | D:13     | Noticed an orange crystal statue
 14351 | D:13     | Noticed a two-headed ogre
 14371 | D:13     | Killed a two-headed ogre
 14570 | D:13     | Noticed a death knight
 14570 | D:13     | Noticed a phantasmal warrior
 14570 | D:13     | Noticed a phantasmal warrior
 14592 | D:12     | Found a frozen archway.
 14633 | IceCv    | Entered an ice cave
 15200 | IceCv    | Reached XP level 12. HP: 93/94 MP: 15/15
 15471 | IceCv    | Identified the +1 robe of the Alphagorgon {rF+ Stlth+} (You
                  | found it on level 10 of the Dungeon)
 15542 | IceCv    | Reached skill level 12 in Long Blades
 16415 | IceCv    | Reached skill level 5 in Conjurations
 16779 | IceCv    | Noticed a death yak
 16779 | IceCv    | Noticed a frost giant
 16801 | IceCv    | Killed a death yak
 17365 | IceCv    | Banished a frost giant
 17377 | IceCv    | Identified Xetear Pol's Almanac of Poisoning and
                  | Conjuration
 17779 | D:11     | Reached ****** piety under Lugonu
 18085 | D:11     | Killed a two-headed ogre
 18132 | D:11     | Noticed Erica
 18149 | D:11     | Killed Erica
 18149 | D:11     | Reached XP level 13. HP: 75/101 MP: 16/16
 18309 | D:11     | Found a staircase to the Lair.
 18876 | D:12     | Found the +8 arc blade {discharge, rElec}
 19213 | D:13     | Reached skill level 13 in Long Blades
 19456 | D:13     | Reached skill level 1 in Short Blades
 19523 | D:13     | Reached skill level 5 in Stealth
 19619 | D:13     | Found a stormy altar of Qazlal.
 20428 | Lair:1   | Entered Level 1 of the Lair of Beasts
 21099 | Lair:1   | Found a stormy altar of Qazlal.
 21554 | Lair:2   | Noticed Gastronok
 21561 | Lair:2   | Killed from afar by Gastronok

Levels and vault maps discovered:
D:1:      dpeg_arrival_subterranean_lakeside_camping, layout_basic,
          serial_forest, infiniplex_forest_straight_2,
          infiniplex_forest_corner_2, infiniplex_forest_fountain,
          infiniplex_forest_clump_long
D:2:      layout_rooms, serial_forest, infiniplex_forest_clump_small,
          infiniplex_forest_straight_1, infiniplex_forest_split,
          infiniplex_forest_straight_4, infiniplex_forest_lined_4_way
D:3:      layout_basic
D:4:      layout_cave_pods, serial_shops, shop_fountains, vehumet_altar_wand_db
D:5:      layout_basic, minmay_temple_entry_steel_oval, first_ration,
          nicolae_dithmenos_shadow_blocks
D:6:      layout_layer_cave, serial_shops, shop
D:7:      layout_loops_ring, grunt_ogre_cave, uniq_harold
D:8:      layout_gridville, grunt_decor_one_mirror, uniq_psyche
D:9:      layout_basic, minitemple, orc_david_3
D:10:     minmay_the_grid_triangle_9x9_rhombus_full
          [minmay_the_grid_triangle_9x9_shrine,
          minmay_the_grid_triangle_9x9_checkered,
          minmay_the_grid_triangle_9x9_sprig,
          minmay_the_grid_triangle_9x9_limited_checkers,
          minmay_the_grid_triangle_9x9_corruption,
          minmay_the_grid_triangle_9x9_swiss_cheese,
          minmay_the_grid_triangle_9x9_intruding_spiral,
          minmay_the_grid_triangle_9x9_prize_schism], layout_loops_corners,
          uniq_joseph
D:11:     layout_layer_cave, lair_entry_dummy, uniq_erica
D:12:     layout_rooms, portal_ice_cave_demonic_guard
D:13:     minmay_statue_hallways, layout_rooms, nicolae_qazlal_eye_of_the_storm
D:14:     layout_cave_pools, grunt_vaults_entry_fortified,
          minmay_misc_feat_alley
Temple:   regret_index_temple_mists
Lair:1:   layout_cave_pods, lemuel_centaur_altar, infiniplex_staircase_pool,
          grunt_megastairs_2
Lair:2:   layout_cave_pods, shoals_dummy_entry, gammafunk_ghost_arena,
          small_statue_intersection, minmay_another_anthill, grunt_megastairs_3,
          lemuel_fruit_fields, lemuel_fruit_fields, uniq_gastronok
Orc:1:    layout_caves, serial_shops, shop
Orc:2:    pf_orc_diabolical, layout_caves, basic_altar, david_defended_altar_orc

Skill      XL: |  1  2  3  4  5  6  7  8  9 10 11 12 13 |
---------------+----------------------------------------+-----
Long Blades    | 2 3 4 5 7 8 10 11 12 13 | 13.1
Armour         | 2 3 4 5 6 7 8 |  8.4
Dodging        | 1 2 3 4 5 6 |  6.9
Invocations    | 3 4 |  4.8
Fighting       | 4 5 6 7 8 9 |  9.9
Stealth        | 1 2 3 4 5 |  5.2
Evocations     | 1 |  1.8
Shields        | 1 2 3 4 |  4.1
Conjurations   | 4 6 7 |  7.3
Short Blades   | 3 |  3.0
Throwing       | |  0.2

Action                   |  1- 3 |  4- 6 |  7- 9 | 10-12 | 13-15 || total
-------------------------+-------+-------+-------+-------+-------++-------
Melee: Falchion          |   184 |   107 |   219 |    23 |       ||   533
       Headbutt          |    46 |    22 |    68 |   160 |    43 ||   339
       Kick              |       |       |    54 |   242 |    73 ||   369
       Scimitar          |       |       |       |   635 |   133 ||   768
       Rapier            |       |       |       |       |    84 ||    84
Throw: Throwing net      |       |       |       |     2 |       ||     2
Invok: Banish            |       |       |       |     2 |       ||     2
       Bend Space        |       |       |       |       |     3 ||     3
Evoke: Wand              |       |       |     7 |     3 |       ||    10
  Use: Scroll            |       |       |     8 |     8 |     1 ||    17
 Stab: Distracted        |       |     2 |     1 |     2 |     1 ||     6
       Sleeping          |       |       |     2 |     6 |    10 ||    18
       Held in net/web   |       |       |       |     1 |       ||     1
  Eat: Chunk             |     2 |     7 |    16 |    25 |     8 ||    58
       Ration            |       |       |       |     2 |     1 ||     3
Armor: Leather armour    |    17 |    12 |       |       |       ||    29
       Ring mail         |       |    19 |    66 |   285 |    48 ||   418
Dodge: Dodged            |    43 |    62 |   100 |   281 |    77 ||   563
Block: Buckler           |       |       |       |   162 |    64 ||   226
       Rpst.: Falchion   |    11 |    17 |    31 |     5 |       ||    64
       Scimitar          |       |       |       |    61 |     9 ||    70
